 Dungeon Crawl Stone Soup version 0.30-a0-1124-g6e8f0f562f (webtiles) character file.

Game seed: 14926436364057895432

805 Sabo the Covered (level 7, -1/63 HPs)
             Began as an Armataur Fighter on Apr 23, 2023.
             Was a Follower of Okawaru.
             Succumbed to a hornet's poison
             ... while paralysed by a hornet
             ... on level 6 of the Dungeon.
             The game lasted 00:22:04 (4823 turns).

Sabo the Covered (Armataur Fighter)                 Turns: 4823, Time: 00:22:05

Health: -1/63      AC: 10    Str: 21    XL:     7   Next: 60%
Magic:  7/7        EV:  1    Int:  8    God:    Okawaru [*.....]
Gold:   162        SH:  0    Dex: 12    Spells: 6/6 levels left

rFire   + + .        o - +9 short sword "Gekusch" {venom, Contam rElec rF+ Stlth+}
rCold   . . .        c - +0 buckler
rNeg    . . .        z - +0 plate armour
rPois   .            (no helmet)
rElec   +            (no cloak)
rCorr   .            (no gloves)
SInv    .            (no barding)
Will    .....        (no amulet) Stlth
                     j - ring of protection from fire
HPRegen 0.30/turn    (no ring)
MPRegen 0.10/turn

%: roll
@: paralysed, lethally poisoned (-1 -> -24)
A: large, rugged brown scales 3, deformed body, armoured tail, roll, long
tongue, awkward tongue
a: Renounce Religion, Heroism


You were on level 6 of the Dungeon.
You worshipped Okawaru.
Okawaru was aware of your devotion.
You visited 1 branch of the dungeon, and saw 6 of its levels.

You collected 162 gold pieces.

Inventory:

Hand Weapons
 o - the +9 short sword "Gekusch" (weapon) {venom, Contam rElec rF+ Stlth+}
   (You found it on level 3 of the Dungeon)

   rF:        It protects you from fire.
   rElec:     It insulates you from electricity.
   Contam:    It causes magical contamination when unequipped.
   Stlth:     It makes you more stealthy.
 u - a +2 short sword of flaming
 x - a +0 shortbow
Missiles
 t - 6 poisoned darts (quivered)
Armour
 c - a +0 buckler (worn)
 v - a +0 chain mail
 z - a +0 plate armour (worn)
Jewellery
 j - a ring of protection from fire (left hand)
Wands
 p - a wand of digging (7)
 s - a wand of paralysis (14)
Scrolls
 h - 3 scrolls of torment {unknown}
 i - a scroll of poison
 k - a scroll of magic mapping {unknown}
 q - 2 scrolls of brand weapon {unknown}
 w - a scroll of blinking {unknown}
 y - a scroll of noise {unknown}
Potions
 a - a potion of haste {unknown}
 b - a potion of magic {unknown}
 d - 3 potions of might
 e - 2 potions of lignification
 f - a potion of heal wounds {unknown}
 g - a potion of cancellation {unknown}
 l - a potion of berserk rage {unknown}
 m - 4 potions of curing
 n - a potion of brilliance {unknown}
 r - a potion of resistance {unknown}


   Skills:
 + Level 4.2 Fighting
 + Level 3.6(4.1) Short Blades
 + Level 2.9(3.7) Long Blades
 + Level 6.2 Armour
 + Level 1.5 Dodging
 + Level 1.5 Stealth
 + Level 4.5 Shields


You had 6 spell levels left.
You didn't know any spells.
Your spell library contained the following spells:

 Spells                   Type           Power      Damage    Failure   Level
 Poisonous Vapours        Pois/Air       0%         N/A       100%        2
 Mephitic Cloud           Conj/Pois/Air  0%         N/A       100%        3
 Borgnjor's Vile Clutch   Necr/Erth      0%         N/A       100%        5
 Freezing Cloud           Conj/Ice/Air   0%         6-21      100%        5
 Animate Dead             Necr           Unusable   N/A       N/A         4
 Death Channel            Necr           Unusable   N/A       N/A         6

Dungeon Overview and Level Annotations

Branches:
Dungeon (6/15)             Temple (0/1) D:5

Altars:
Okawaru
Ru
Uskayaw
Wu Jian

Shops:
D:5 *::!

Annotations:
D:4 1 transporter, dufus's ghost, amateur GnMo


Innate Abilities, Weirdness & Mutations

You are completely covered in rugged brown scales. (AC +3, +7% HP)
Armour fits poorly on your strangely shaped body.
You have a long armoured tail.
You roll when moving toward enemies. (Rampage)
Your long tongue fully drains potion bottles. (2x potion effects)
Your tongue gives you trouble enunciating. (1.5x scroll delay)


Message History

The phantom is severely damaged.
The phantom hits you but does no damage.
You puncture the phantom!
You destroy the phantom!
Okawaru accepts your kill. You block the hornet's attack.
The hornet stings you.
You suddenly lose the ability to move!
The hornet stings you.
You feel yourself slow down.
You can move again.
You puncture the hornet!
The hornet is heavily wounded.
You feel yourself speed up. The hornet stings you!
You are poisoned.
You feel yourself slow down. You block the hornet's attack.
You hit the hornet.
The hornet is poisoned.
Your tail-slap misses the hornet.
The hornet is severely wounded.
You feel yourself speed up.
You feel very sick. The hornet stings you.
You shrug off the repeated paralysis!
The orc wizard barely misses you.
The hornet stings you but does no damage.
You barely miss the hornet.
Your tail-slap misses the hornet.
The hornet is severely wounded.
You feel sick.
The orc wizard hits you but does no damage.
You are more poisoned.
The hornet stings you!
* * * LOW HITPOINT WARNING * * *
You are more poisoned.
You suddenly lose the ability to move!
* * * LOW HITPOINT WARNING * * *
You feel extremely sick. The hornet stings you.
* * * LOW HITPOINT WARNING * * *
You feel yourself slow down.
The orc wizard hits you with a +1 dagger of venom.
* * * LOW HITPOINT WARNING * * *
You feel yourself speed up.
You die...

## ###. ##. .#.
#.. ..# #..
..##### . #.o
..#...#..
#o###.# ....
##@y.###..
#.)...#.##
#...#...#...#
#...#####)..#
#...#...#...# .
#..#.....#.###.#
#. ##...###...##
#. #.###.#.....#
#. #...#...#..


You could see a hornet (very poisoned), an orc wizard and an orc.

Vanquished Creatures
  An ogre (D:5)
  A phantom (D:6)
  2 scorpions (D:4)
  2 hounds (D:6)
  A jelly (D:5)
  4 orc priests
  A sleepcap (D:4)
  2 iguanas
  2 orc wizards (D:6)
  6 adders
  A shadow imp (D:5)
  An ufetubus (D:4)
  2 worms
  A dart slug (D:3)
  20 orcs
  10 endoplasms
  A giant cockroach (D:3)
  5 goblins
  14 hobgoblins
  4 jackals (D:5)
  5 kobolds (D:4)
  6 quokkas
  9 ball pythons
  2 bats (D:1)
  2 frilled lizards
  8 rats
113 creatures vanquished.

Vanquished Creatures (others)
  6 plants (D:4)
6 creatures vanquished.

Grand Total: 119 creatures vanquished

Notes
Turn   | Place    | Note
-------+----------+-------------------------------------------
     0 | D:1      | Sabo the Armataur Fighter began the quest for the Orb.
     0 | D:1      | Reached XP level 1. HP: 19/19 MP: 1/1
   181 | D:1      | Reached XP level 2. HP: 26/26 MP: 2/2
   436 | D:1      | Reached skill level 4 in Armour
   735 | D:2      | Reached XP level 3. HP: 16/33 MP: 3/3
  1137 | D:2      | Found a faded altar of an unknown god.
  1180 | D:2      | HP: 1/33 [frozen (5)]
  1780 | D:3      | Identified the +9 short sword "Gekusch" {venom, Contam
                  | rElec rF+ Stlth+}
  1844 | D:3      | Reached XP level 4. HP: 37/40 MP: 4/4
  1980 | D:3      | Reached skill level 1 in Dodging
  1980 | D:3      | Reached XP level 5. HP: 13/48 MP: 5/5
  2396 | D:4      | Reached skill level 5 in Armour
  2522 | D:4      | Found an iron altar of Okawaru.
  2529 | D:4      | Became a worshipper of Warmaster Okawaru
  2545 | D:4      | Found a sacrificial altar of Ru.
  2587 | D:4      | Found a hide-covered altar of Uskayaw.
  2593 | D:4      | Reached skill level 1 in Short Blades
  2593 | D:4      | Reached XP level 6. HP: 36/54 MP: 6/6
  3132 | D:4      | Found a transporter.
  3253 | D:4      | Noticed dufus's ghost (amateur GnMo)
  3284 | D:5      | Entered Level 5 of the Dungeon
  3284 | D:5      | Found Yfoijyriro's Book Shop.
  3284 | D:5      | Found Wuisil's Book Shop.
  3284 | D:5      | Found Nyobafem's Distillery.
  3524 | D:5      | Found a staircase to the Ecumenical Temple.
  3794 | D:5      | Found Futrudut's Neck Hole.
  3843 | D:5      | Reached * piety under Okawaru
  4058 | D:5      | Reached XP level 7. HP: 62/62 MP: 7/7
  4348 | D:5      | Found an ornate altar of the Wu Jian Council.
  4750 | D:6      | Reached skill level 6 in Armour
  4808 | D:6      | Reached skill level 1 in Stealth
  4814 | D:6      | Noticed a hornet
  4817 | D:6      | Paralysed by a hornet for 1 turns
  4821 | D:6      | Paralysed by a hornet for 2 turns
  4823 | D:6      | Succumbed to a hornet's poison

Illustrated notes

Levels and vault maps discovered:
D:1:      wander_arrival_chamber, layout_rooms
D:2:      layout_rooms, hellmonk_ecumenical_altar_inner_sanctum,
          minmay_misc_feat_alley
D:3:      layout_rooms, grunt_ministairs_10
D:4:      layout_basic, mainiacjoe_overflow_large_starburst,
          gammafunk_ghost_gnarly_gnolls, minmay_ruined_shrine
D:5:      layout_loops_ring, overflow_temple_1_default,
          minmay_temple_entry_proselytizer, serial_park_tiny_2,
          nicolae_shop_distant_corner_stores, nicolae_shop_sticking_my_neck_out
D:6:      nicolae_cairo_tiling, layout_rooms, serial_shops,
          nicolae_shop_industrial_runoff, grunt_decor_cap, minivault_11,
          uniq_maggie

Skill      XL: |  1  2  3  4  5  6  7 |
---------------+----------------------+-----
Armour         | 4 5 6 |  6.2
Fighting       | 3 4 |  4.2
Long Blades    | 2 |  2.9
Dodging        | 1 |  1.5
Short Blades   | 1 2 3 |  3.6
Shields        | 4 |  4.5
Stealth        | 1 |  1.5

Action                     |  1- 3 |  4- 6 |  7- 9 || total
---------------------------+-------+-------+-------++-------
  Melee: Long sword        |   116 |       |       ||   116
         Tailslap          |    11 |    18 |     5 ||    34
         Short sword       |     5 |   130 |    43 ||   178
    Use: Scroll            |     3 |     1 |       ||     4
         Potion            |       |     1 |       ||     1
 Armour: Scale mail        |    65 |    38 |       ||   103
         Chain mail        |       |    32 |     2 ||    34
         Plate armour      |       |       |    15 ||    15
  Dodge: Dodged            |    45 |    50 |     7 ||   102
  Block: Buckler           |    29 |    32 |     9 ||    70

Table legend: (Time is in decaauts)
 A = Elapsed time spent in this place.
 B = Non-inter-level travel time spent in this place.
 C = Inter-level travel time spent in this place.
 D = Time resting spent in this place.
 E = Time spent auto-exploring this place.
 F = Levels seen in this place.
 G = Mean time per level.
                   A        B        C        D        E       F      G
               +--------+--------+--------+--------+--------+-----+--------+
         Total |   4844 |   4844 |      0 |   1391 |      0 |   6 |  807.3 |
       Dungeon |   4844 |   4844 |      0 |   1391 |      0 |   6 |  807.3 |
               +--------+--------+--------+--------+--------+-----+--------+

Top non-repeatable levels by time:
     D:5: 1289 daAuts
     D:4: 1088 daAuts
     D:1: 816 daAuts
     D:2: 806 daAuts
     D:3: 767 daAuts
     D:6: 75 daAuts
